Map: Kairos Junction LE

Players

PiLiPiLi

  • Race: Protoss Protoss
  • League: Master
  • Spawn Location: 11:00

scarlett - Winner!

  • Race: Zerg Zerg
  • Spawn Location: 5:00

Event: 2019 WCS Winter Americas

VOD

Have the link to the VOD?

Description

Time

  • Played on: Feb. 1, 2019, 12:44 p.m.
  • Length: 4:55

All games in this series

Show
View Real Time Build Order
Export as new Build Order

PiLiPiLi Protoss 

Build Orders: 1 Gate Expand 

Get SALT Encoding   

  12  0:00  Probe  
  13  0:13  Probe  
  14  0:19  Pylon  
  14  0:25  Probe  
  15  0:33  Probe  
  15  0:40  Gateway  
  15  0:41  Probe  
  16  0:49  Assimilator  
  17  0:52  Probe  
  18  1:04  Probe  
  19  1:20  Nexus  
  19  1:25  Probe  
  20  1:38  Cybernetics Core  
  20  1:39  Probe  
  21  1:47  Assimilator  
  21  1:51  Probe  
  21  1:53  Pylon  
  22  2:02  Probe  
  22  2:04  Adept  
  23  2:10  Probe  
  23  2:11  Warp Gate  
  26  2:18  Probe  
  27  2:26  Twilight Council  
  27  2:29  Probe  
  27  2:32  Probe  
  29  2:37  Adept  
  29  2:42  Probe  
  32  2:44  Probe  
  33  2:52  Resonating Glaives  
  33  2:54  Probe  
  33  2:56  Probe  
  35  3:02  Gateway  
  35  3:06  Probe  
  35  3:11  Probe  
  37  3:14  Adept  
  37  3:16  Gateway  
  39  3:24  Pylon  
  39  3:25  Probe  
  40  3:27  Probe  
  41  3:35  Shield Battery  
  41  3:38  Pylon  
  39  3:44  Probe x2  
  41  3:56  Pylon, Probe x2  
  41  3:57  Assimilator  
  41  3:59  Assimilator, Adept x2  
  47  4:08  Probe  
  48  4:10  Dark Shrine  
  48  4:12  Gateway  
  48  4:15  Stalker  
  48  4:18  Shield Battery  
  26  4:38  Stalker  
Show
View Real Time Build Order
Export as new Build Order

scarlett Zerg - Winner!

Build Orders: Hatch First 

Get SALT Encoding   

  12  0:01  Drone  
  13  0:12  Overlord  
  13  0:17  Drone  
  14  0:31  Drone x2  
  16  0:48  Hatchery  
  15  0:51  Drone  
  15  0:54  Drone  
  17  0:58  Drone  
  18  1:09  Extractor  
  17  1:13  Spawning Pool  
  17  1:17  Drone  
  17  1:20  Drone  
  18  1:28  Drone  
  19  1:40  Drone  
  20  1:48  Hatchery  
  20  1:52  Drone  
  20  2:00  Drone x2  
  22  2:06  Queen  
  24  2:15  Metabolic Boost  
  24  2:18  Overlord  
  24  2:21  Drone  
  25  2:23  Drone  
  25  2:27  Zergling x2  
  27  2:35  Roach Warren  
  26  2:38  Drone  
  26  2:40  Zergling x2  
  28  2:44  Zergling x2  
  30  2:51  Drone  
  30  2:55  Overlord  
  30  2:57  Zergling x2  
  30  3:16  Roach x5  
  30  3:18  Roach  
  42  3:20  Roach  
  42  3:24  Overlord  
  44  3:28  Zergling x4  
  46  3:35  Zergling x6  
  49  3:45  Zergling x6  
  53  3:48  Zergling x4  
  53  3:49  Zergling x2  
  53  3:51  Ravager  
  53  3:55  Overlord  
  56  3:58  Zergling x2  
  56  4:03  Zergling x2  
  56  4:16  Zergling x12  
  55  4:26  Zergling x10  
  57  4:35  Zergling x4  
  57  4:43  Spore Crawler  
Tags
 
Add a new tag
Caveats
  • Supply blocks, unpowered buildings, or Contaminate may cause inaccurate times.
  • Supply counts are checked every 10 seconds.